 Dungeon Crawl Stone Soup version 0.19.4 (webtiles) character file.

892 Kiturien the Gusty (level 8, -12/32 HPs)
             Began as a Tengu Air Elementalist on Feb 3, 2017.
             Killed from afar by a raiju (22 damage)
             ... with a living lightning
             ... on level 1 of the Abyss.
             The game lasted 00:36:02 (5597 turns).

Kiturien the Gusty (Tengu Air Elementalist)         Turns: 5597, Time: 00:36:02

Health: -12/32     AC:  9    Str: 10    XL:     8   Next: 6%
Magic:  17/17      EV: 17    Int: 18    God:
Gold:   276        SH:  0    Dex: 17    Spells: 5 memorised, 5 levels left

rFire  . . .     SeeInvis .     f - +4 dagger (drain)
rCold  . . .     Gourm    .     a - +0 robe
rNeg   . . .     Faith    .     (no shield)
rPois  .         Spirit   .     (helmet restricted)
rElec  .         Reflect  .     (no cloak)
rCorr  .         Harm     .     (no gloves)
MR     .....                    (boots unavailable)
Stlth  ++........               q - amulet of magic regeneration
                                x - +2 ring of protection
                                d - +4 ring of evasion

@: no status effects
A: beak, talons 3, icy blue scales 1, iridescent scales 2, agile 1, blurry
vision 3, deformed body, frail 2, slow regeneration 2, strong 1, subdued magic
2, able to fly 1
a: Fly


You were on level 1 of the Abyss.
You were hungry.

You visited 1 branch of the dungeon, and saw 4 of its levels.
You visited the Abyss 1 time.
You also visited: Ossuary.

You collected 276 gold pieces.

Inventory:

Hand Weapons
 f - a +4 dagger of draining (weapon)
 k - a +2 trident of piercing
Armour
 a - a +0 robe (worn)
Jewellery
 d - a +4 ring of evasion (left hand)
 q - an amulet of magic regeneration (around neck)
 x - a +2 ring of protection (right hand)
Scrolls
 e - 3 scrolls of remove curse
 g - 4 scrolls of amnesia {unknown}
 i - 2 scrolls of enchant armour {unknown}
 m - 2 scrolls of teleportation
 r - a scroll of recharging {unknown}
 w - a scroll of identify
Potions
 c - 2 potions of flight
 n - a potion of heal wounds
 o - a potion of curing
 p - a potion of cure mutation
 s - a potion of cancellation {unknown}
 t - a potion of agility
 u - a potion of invisibility {unknown}
 v - 4 potions of ambrosia
Books
 b - a book of Air

   Spells                             Type                      Level
   a - Shock                          Conjuration/Air              1
   b - Swiftness                      Charms/Air                   2
   c - Repel Missiles                 Charms/Air                   2
   d - Static Discharge               Conjuration/Air              3
   e - Lightning Bolt                 Conjuration/Air              5
Comestibles
 h - a bread ration
 l - a meat ration


   Skills:
 - Level 2.1 Dodging
 - Level 2.0 Stealth
 + Level 5.6 Spellcasting
 - Level 6.5 Conjurations
 - Level 7.0 Air Magic


You had 5 spell levels left.
You knew the following spells:

 Your Spells              Type           Power        Failure   Level  Hunger
a - Shock                 Conj/Air       ###.         1%          1    None
b - Swiftness             Chrm/Air       ##......     3%          2    None
c - Repel Missiles        Chrm/Air       ##....       3%          2    None
d - Static Discharge      Conj/Air       ###.....     1%          3    ##.....
e - Lightning Bolt        Conj/Air       ###.......   17%         5    #####..


Dungeon Overview and Level Annotations

Branches:
Dungeon (4/15)
 Temple: D:4-7

Altars:
Hepliaklqana
Makhleb
Zin

Annotations:
D:4 Blork the orc, Robin


Innate Abilities, Weirdness & Mutations

You have a beak for a mouth.
You have claws for feet.
You can fly.
You are partially covered in icy blue scales. (AC +2)
You are mostly covered in iridescent scales. (AC +4)
You are agile. (Dex +2)
Your muscles are strong. (Str +2)
[Scrolls take you much longer to read.]
[Armour fits poorly on your strangely shaped body.]
[You are very frail. (-20% HP)]
[You do not regenerate when monsters are visible.]
[Your spells are easier to cast, but less powerful.]


Message History

A raiju comes into view.
The wretched star pulses with an eldritch light!
Your regeneration weakens near monsters.
Your regeneration stops near monsters.
The raiju misses you. The quasit completely misses you. x2
The quasit misses you.
The raiju barks!
The raiju bursts into living lightning!
The living lightning misses you.
The raiju blinks! x2
The quasit barely misses you. The quasit closely misses you.
The quasit claws you.
* * * LOW HITPOINT WARNING * * *
The wretched star pulses with an eldritch light!
Your body twists and deforms.
You feel frail. x2
The quasit misses you. The quasit closely misses you.
The quasit completely misses you.
The raiju bursts into living lightning!
The living lightning misses the quasit.
The living lightning hits you!
Ouch! That really hurt!
You die...

#
#.#..#.##..........
..#.#.
#...........#...
.#..
#..#.#...#..##.. .
..#.........X .###.
##.
#..#..W###..######
#..###..#.#X..*....#
#...##hh.h## ##.....
#..#5.#...# ### .
#@#.#....... .
#...##########
#....#. ##### .# #.
#. .. .#


You could see a large abomination, 2 raiju, a wraith and a quasit.

Vanquished Creatures
  8 scorpions (Ossuary)
  A centaur zombie (Ossuary)
  A gnoll shaman (D:4)
  2 human zombies (Ossuary)
  An iguana (D:3)
  Natasha (twice) (D:2)
  A worker ant (D:4)
  2 big kobold zombies (Ossuary)
  2 mummies (Ossuary)
  A hound skeleton (D:4)
  4 scorpion zombies (Ossuary)
  3 adders
  4 gnolls (D:4)
  2 oozes
  3 worms (D:3)
  2 dart slugs (D:1)
  A leopard gecko (D:3)
  4 orcs (D:4)
  3 giant cockroaches
  7 goblins
  13 hobgoblins
  7 jackals
  2 quokkas (D:2)
  2 ball pythons
  7 bats
  9 frilled lizards
  2 hobgoblin zombies (Ossuary)
  6 kobolds
  A kobold zombie (Ossuary)
  4 orc zombies (Ossuary)
  7 rats
114 creatures vanquished.

Vanquished Creatures (others)
  A human zombie (Ossuary)
  A mummy (Ossuary)
  An ufetubus (Abyss:1)
  A goblin zombie (Ossuary)
  A hobgoblin zombie (Ossuary)
  A kobold zombie (Ossuary)
6 creatures vanquished.

Grand Total: 120 creatures vanquished

Notes
Turn   | Place    | Note
-------+----------+-------------------------------------------
     0 | D:1      | Kiturien the Tengu Air Elementalist began the quest for the Orb.
     0 | D:1      | Reached XP level 1. HP: 10/10 MP: 4/4
   152 | D:1      | Reached XP level 2. HP: 8/15 MP: 0/6
   330 | D:1      | Learned a level 2 spell: Swiftness
   422 | D:1      | Learned a level 2 spell: Repel Missiles
  1054 | D:1      | Reached skill level 5 in Air Magic
  1109 | D:1      | Reached XP level 3. HP: 19/19 MP: 1/7
  1773 | D:2      | Noticed Natasha
  1783 | D:2      | Killed Natasha
  1783 | D:2      | Reached XP level 4. HP: 13/24 MP: 5/10
  1931 | D:2      | Learned a level 3 spell: Static Discharge
  2127 | D:2      | Found a glowing silver altar of Zin.
  2486 | D:2      | Found a hazy altar of Hepliaklqana.
  2528 | D:2      | Noticed Natasha
  2535 | D:2      | Killed Natasha
  2535 | D:2      | Gained mutation: You can fly. [Tengu growth]
  2535 | D:2      | Reached XP level 5. HP: 25/28 MP: 6/12
  2926 | D:3      | Found a faded altar of an unknown god.
  2993 | D:3      | Gained mutation: You are robust. (+10% HP) [potion of beneficial mutation]
  3479 | D:4      | Found a sand-covered staircase.
  3485 | D:4      | Noticed Robin
  3488 | Ossuary  | Entered an ossuary
  3571 | Ossuary  | Reached skill level 5 in Spellcasting
  3797 | Ossuary  | Reached XP level 6. HP: 35/35 MP: 6/14
  3809 | Ossuary  | Reached skill level 6 in Air Magic
  4088 | Ossuary  | Reached skill level 7 in Air Magic
  4375 | Ossuary  | Reached XP level 7. HP: 35/39 MP: 1/15
  4684 | Ossuary  | Reached skill level 5 in Conjurations
  4703 | Ossuary  | Gained mutation: You are agile. (Dex +2) [potion of mutation]
  4703 | Ossuary  | Gained mutation: You are partially covered in icy blue scales. (AC +2) [potion of mutation]
  4703 | Ossuary  | Lost mutation: You are robust. (+10% HP) [potion of mutation]
  4704 | Ossuary  | Gained mutation: Your muscles are strong. (Str +2) [potion of mutation]
  4704 | Ossuary  | Gained mutation: You are partially covered in iridescent scales. (AC +2) [potion of mutation]
  4704 | Ossuary  | Gained mutation: You are mostly covered in iridescent scales. (AC +4) [potion of mutation]
  4896 | D:3      | Learned a level 5 spell: Lightning Bolt
  5294 | D:4      | Found a burning altar of Makhleb.
  5369 | D:4      | Reached XP level 8. HP: 41/41 MP: 7/17
  5459 | D:4      | Noticed Blork the orc
  5471 | D:4      | Cast into level 1 of the Abyss (Blork the orc)
  5496 | Abyss:1  | Noticed an ancient zyme
  5554 | Abyss:1  | Noticed a large abomination
  5560 | Abyss:1  | Noticed a wretched star
  5563 | Abyss:1  | Noticed a raiju
  5564 | Abyss:1  | Noticed a raiju
  5572 | Abyss:1  | Noticed a raiju
  5579 | Abyss:1  | Noticed a wraith
  5586 | Abyss:1  | Noticed a raiju
  5597 | Abyss:1  | Killed from afar by a raiju

Skill      XL: |  1  2  3  4  5  6  7 |
---------------+----------------------+-----
Air Magic      | 5 7 |  7.0
Spellcasting   | 3 4 5 |  5.6
Conjurations   | 2 6 |  6.5
Dodging        | |  2.1
Stealth        | |  2.0

Action                   |  1- 3 |  4- 6 |  7- 9 || total
-------------------------+-------+-------+-------++-------
Melee: Unarmed           |    20 |       |       ||    20
       Kick              |    12 |    16 |    14 ||    42
       Club              |    14 |       |       ||    14
       Peck              |     6 |    16 |     7 ||    29
       Dagger            |    15 |   101 |    49 ||   165
 Cast: Shock             |    52 |    79 |    52 ||   183
       Static Discharge  |       |    10 |     4 ||    14
  Use: Potion            |       |     3 |     3 ||     6
       Scroll            |       |     8 |     5 ||    13
 Stab: Sleeping          |     1 |     2 |       ||     3
  Eat: Beef jerky        |     1 |       |       ||     1
       Pizza             |     1 |       |     1 ||     2
       Bread ration      |       |     1 |       ||     1
       Chunk             |       |     1 |       ||     1
       Fruit             |       |     4 |     3 ||     7
Armor: Robe              |    12 |    11 |    12 ||    35
Dodge: Dodged            |    67 |    91 |    68 ||   226
